 Dungeon Sprint DCSS version bcrawl-1.31 (webtiles) character file.

Game seed: 17095983977309512913

3163999 Groucho the End of an Era (level 21, 204/204 HPs)
             Began as a Demonspawn Wanderer on Apr 5, 2021.
             Was the Champion of Qazlal.
             Escaped with the Orb!
             The game lasted 00:37:26 (7124 turns).

Groucho the End of an Era (Demonspawn Wanderer)     Turns: 7124, Time: 00:37:27

Health: 204/204    AC: 48    Str: 27    XL:     21   Next: 1%
Magic:  37/38      EV: 22    Int: 15    God:    Qazlal [******]
Gold:   0          SH: 51    Dex: 24    Spells: 23/24 levels left

rFire    + . .     SeeInvis .   p - +6 shillelagh "Devastator" {shatter}
rCold    + . .     Gourm    .   m - +18 shield of the Gong {rElec rN+ MR+ EV-5}
rNeg     + + +     Faith    .   W - +9 scales of the Dragon King {rPois rF+ rC+ MR+}
rPois    +         Spirit   +   (helmet unavailable)
rElec    +         Reflect  +   X - +1 cloak {+Inv}
rCorr    +         Harm     .   y - +3 pair of gloves of Pelis {rN+ rCorr Str+5}
MR       +++..     NoTele   +   G - +2 pair of boots {Stlth++}
Stlth    ..........             T - +5 amulet of reflection
HPRegen  0.44/turn              E - +6 ring of strength
MPRegen  0.52/turn              A - +5 ring of slaying (curse)

@: studying 5 skills, repel missiles
A: horns 3, flexible skeleton 2, negative energy resistance 1, nightstalker 2,
magic shield, magic regeneration, magic link
0: Orb of Zot
a: Upheaval, Elemental Force, Disaster Area, Renounce Religion, Evoke
Invisibility


You escaped.
You worshipped Qazlal.
Qazlal was exalted by your worship.
You were hungry.

You visited 1 branch

Inventory:

Hand Weapons
 b - the +6 Majin-Bo {vamp, *Drain Str+12 Int+24}
   (You found it in the Dungeon)

   It inflicts no extra harm, but heals its wielder when it wounds a living foe.
   It affects your strength (+12).
   It affects your intelligence (+24).
   It causes draining when unequipped.
 c - the +9 heavy crossbow "Sniper" {velocity, Acc+∞ SInv}
   (You found it in the Dungeon)

   Any bolt fired from it inflicts extra damage.
   It lets you see invisible.
 k - the +10 dark maul {crush}
   (You found it in the Dungeon)

   It will always inflict at least some extra damage.
   This minimum extra damage increases with your current reserve of magical
   power.
 n - the cursed +14 obsidian axe {chop, +Fly SInv *Curse}
   (You found it in the Dungeon)

   It will always inflict at least some extra damage.
   This minimum extra damage increases with your current reserve of magical
   power.
   It lets you see invisible.
   It lets you fly.
   It curses itself when equipped.
   It has a curse placed upon it.
 o - the +7 great mace "Firestarter" {inner flame, rF++}
   (You found it in the Dungeon)

   It has been specially enchanted to surge with flame as it hits, increasing
   damage dealt by approximately one third against foes not resistant or
   susceptible to fire.
   It greatly protects you from fire.
 p - the +6 shillelagh "Devastator" (weapon) {shatter}
   (You found it in the Dungeon)
 q - the +11 plutonium sword {*Contam Stlth-}
   (You found it in the Dungeon)

   It causes magical contamination when unequipped.
   It makes you less stealthy.
 r - the +8 lance "Wyrmbane" {slay drac, rPois rF+ rC+ AC+3}
   (You found it in the Dungeon)

   It affects your AC (+3).
   It protects you from fire.
   It protects you from cold.
   It protects you from poison.
 s - the +9 sword of Zonguldrok {reap}
   (You found it in the Dungeon)

   If a monster killed with it leaves a corpse in good enough shape, the corpse
   will be animated as a zombie friendly to the killer.
 t - the cursed +13 scythe of Curses {drain, *Curse}
   (You found it in the Dungeon)

   A truly terrible weapon, it drains the life of those it strikes.
   It curses itself when equipped.
   It has a curse placed upon it.
 u - the +0 sword of Power
   (You found it in the Dungeon)
 v - the +7 mace of Variability {chain chaos}
   (You found it in the Dungeon)

   Each time it hits an enemy it has a different, random effect.
 w - the +7 Singing Sword {slice}
   (You found it in the Dungeon)

   It will always inflict at least some extra damage.
   This minimum extra damage increases with your current reserve of magical
   power.
 x - the +7 longbow "Piercer" {penet, EV-2}
   (You found it in the Dungeon)

   Ammo fired by it will pass through the targets it hits, potentially hitting
   all targets in its path until it reaches its maximum range.
   It affects your evasion (-2).
 B - the +8 Wrath of Trog {antimagic, *Rage}
   (You took it off a frost giant in the Dungeon)

   It reduces the magical energy of the wielder, and disrupts the spells and
   magical abilities of those hit.
   Natural abilities and divine invocations are not affected.
   It may make you go berserk in combat.
 C - the +8 demon whip of a sewer {pain, +Blink Int+2}
   (You found it in the Dungeon)

   In the hands of one skilled in necromantic magic, it inflicts extra damage on
   living creatures.
   It affects your intelligence (+2).
   It lets you blink.
 F - the +8 rapier "Muxok" {flame, rF+ rC+++ Int-5 Dex+3}
   (You took it off a vault guard in the Dungeon)

   It has been specially enchanted to surge with flame as it hits, increasing
   damage dealt by approximately one third against foes not resistant or
   susceptible to fire.
   It affects your intelligence (-5).
   It affects your dexterity (+3).
   It protects you from fire.
   It renders you almost immune to cold.
 V - the cursed +6 arbalest "Damnation" {hellfire, *Curse}
   (You took it off a guardian mummy in the Dungeon)

   It curses itself when equipped.
   It has a curse placed upon it.
 Y - the +8 glaive of Malaise {freeze, rPois rF+ Int+5 Dex+4}
   (You took it off a frost giant in the Dungeon)

   It has been specially enchanted to freeze those struck by it, increasing
   damage dealt by approximately one third against foes not resistant or
   susceptible to cold, and potentially slowing cold-blooded foes.
   It affects your intelligence (+5).
   It affects your dexterity (+4).
   It protects you from fire.
   It protects you from poison.
 Z - the +9 great sword of the Mind {venom, rF+ MR+ SInv}
   (You took it off a naga in the Dungeon)

   It poisons the flesh of those it strikes.
   It protects you from fire.
   It affects your resistance to hostile enchantments.
   It lets you see invisible.
Armour
 a - +9 gold dragon scales
 l - the +15 Maxwell's patent armour {-Cast -Tele rElec MR+ rCorr}
   (You found it in the Dungeon)

   It insulates you from electricity.
   It affects your resistance to hostile enchantments.
   It prevents spellcasting.
   It prevents most forms of teleportation.
   It provides partial protection from all sources of acid and corrosion.
 m - the +18 shield of the Gong (worn) {rElec rN+ MR+ EV-5}
   (You found it in the Dungeon)

   It affects your evasion (-5).
   It insulates you from electricity.
   It protects you from negative energy.
   It affects your resistance to hostile enchantments.
 y - the +3 pair of gloves of Pelis (worn) {rN+ rCorr Str+5}
   (You found it in the Dungeon)

   It affects your strength (+5).
   It protects you from negative energy.
   It provides partial protection from all sources of acid and corrosion.
 G - a +2 pair of boots of stealth (worn)
 U - the +0 mask of the Dragon {MR+ Slay+3 SInv}
   (You found it in the Dungeon)

   It affects your accuracy and damage with ranged weapons and melee attacks
   (+3).
   It affects your resistance to hostile enchantments.
   It lets you see invisible.
 W - the +9 scales of the Dragon King (worn) {rPois rF+ rC+ MR+}
   (You found it in the Dungeon)

   It protects you from fire.
   It protects you from cold.
   It protects you from poison.
   It affects your resistance to hostile enchantments.
 X - a +1 cloak of invisibility (worn)
Jewellery
 z - the ring "Safynyfe" {+Fly rPois}
   (You found it in the Dungeon)

   [ring of poison resistance]

   It protects you from poison.
   It lets you fly.
 A - a cursed +5 ring of slaying (right hand)
 E - a +6 ring of strength (left hand)
 T - a +5 amulet of reflection (around neck)
Wands
 H - a wand of iceblast (7)
 I - a wand of acid (7)
Scrolls
 i - 5 scrolls of identify
 j - a scroll of blinking
 D - 7 scrolls of brand weapon
 P - 4 scrolls of amnesia
 Q - 4 scrolls of enchant weapon
 S - 5 scrolls of remove curse
Potions
 d - 8 potions of curing
 f - 14 potions of heal wounds
 g - 10 potions of haste
 h - a potion of magic
 J - 3 potions of brilliance
 K - 2 potions of invisibility
 L - 4 potions of resistance
 N - 8 potions of agility
 O - 5 potions of might
 R - 3 potions of berserk rage
Comestibles
 e - 3 rations {!d}


   Skills:
 O Level 27 Fighting
 O Level 27 Maces & Flails
 O Level 27 Armour
 O Level 27 Dodging
 O Level 27 Shields
 + Level 15.3 Unarmed Combat
 - Level 2.0 Spellcasting
 - Level 1.0 Transmutations
 O Level 27 Invocations
 - Level 1.0 Evocations


You had 23 spell levels left.
You knew the following spells:

 Your Spells              Type           Power        Failure   Level  Hunger
a - Beastly Appendage     Tmut           #.....       91%         1    None

Your spell library contained the following spells:

 Spells                   Type           Power        Failure   Level  Hunger
 Throw Frost              Conj/Ice       #.....       86%         2    ##.....
 Animate Skeleton         Necr           N/A          97%         1    None
 Blink Other              Tloc           #.....       97%         1    None
 Corona                   Hex            #......      97%         1    None
 Flame Tongue             Conj/Fire      #....        97%         1    None
 Freeze                   Ice            #.....       97%         1    None
 Magic Dart               Conj           #...         97%         1    None
 Pain                     Necr           #.....       97%         1    None
 Sandblast                Erth           #.....       97%         1    None
 Shock                    Conj/Air       #....        97%         1    None
 Slow                     Hex            #.......     97%         1    None
 Sting                    Conj/Pois      #...         97%         1    None
 Summon Butterflies       Summ           #.......     97%         1    None
 Summon Small Mammal      Summ           #...         97%         1    None
 Sticks to Snakes         Tmut           #.......     97%         2    ##.....
 Blink                    Tloc           N/A          99%         2    ##.....
 Call Imp                 Summ           #.....       99%         2    ##.....
 Corpse Rot               Necr           N/A          99%         2    ##.....
 Ensorcelled Hibernation  Hex/Ice        #.....       99%         2    ##.....
 Flaming Arrows           Chrm/Fire      #.......     99%         2    ##.....
 Passwall                 Tmut/Erth      #.......     99%         2    ##.....
 Poisonous Vapours        Pois/Air       #.....       99%         2    ##.....
 Searing Ray              Conj           #.......     99%         2    ##.....
 Shackle                  Hex            #.......     99%         2    ##.....
 Sublimation of Blood     Necr           #.........   99%         2    ##.....
 Swiftness                Chrm/Air       #.......     99%         2    ##.....
 Beckoning                Tloc           #.........   100%        3    ####...
 Call Canine Familiar     Summ           #.......     100%        3    ####...
 Confuse                  Hex            #.......     100%        3    ####...
 Conjure Flame            Conj/Fire      #.......     100%        3    ####...
 Dazzling Orbs            Conj/Hex       #......      100%        3    ####...
 False Image              Hex/Summ       #.......     100%        3    ####...
 Ignite Poison            Fire/Tmut/Pois #.......     100%        3    ####...
 Inner Flame              Hex/Fire       N/A          100%        3    ####...
 Iskenderun's Mystic Bla  Conj           #.......     100%        3    ####...
 Mephitic Cloud           Conj/Pois/Air  #.......     100%        3    ####...
 Ozocubu's Armour         Chrm/Ice       #.......     100%        3    ####...
 Portal Projectile        Tloc           #.....       100%        3    ####...
 Recall                   Summ/Tloc      N/A          100%        3    ####...
 Regeneration             Chrm/Necr      #.........   100%        3    ####...
 Spectral Weapon          Hex/Chrm       #.......     100%        3    ####...
 Spider Form              Tmut/Pois      #..          100%        3    ####...
 Stone Arrow              Conj/Erth      #.....       100%        3    ####...
 Tukima's Dance           Hex            #.......     100%        3    ####...
 Vampiric Draining        Necr           #.........   100%        3    ####...
 Agony                    Necr           #.......     100%        4    ######.
 Animate Dead             Necr           N/A          100%        4    ######.
 Cause Fear               Hex            #.........   100%        4    ######.
 Force Lance              Tloc           #.......     100%        4    ######.
 Fulminant Prism          Conj/Hex       #.........   100%        4    ######.
 Ice Form                 Ice/Tmut       #.......     100%        4    ######.
 Olgreb's Toxic Radiance  Pois           #........    100%        4    ######.
 Petrify                  Tmut/Erth      #.........   100%        4    ######.
 Sticky Flame             Conj/Fire      #.......     100%        4    ######.
 Summon Ice Beast         Ice/Summ       #.......     100%        4    ######.
 Summon Scorpions         Summ/Pois      #.......     100%        4    ######.
 Throw Icicle             Conj/Ice       #.......     100%        4    ######.
 Tree Form                Hex/Tmut       N/A          100%        4    ######.
 Yara's Violent Unravell  Hex/Tmut       #.........   100%        4    ######.
 Aura of Abjuration       Summ           #.........   100%        5    #######
 Blade Hands              Tmut           #.........   100%        5    #######
 Bolt of Draining         Conj/Necr      #.........   100%        5    #######
 Bolt of Magma            Conj/Fire/Erth #.........   100%        5    #######
 Dispel Undead            Necr           #.......     100%        5    #######
 Fireball                 Conj/Fire      #.........   100%        5    #######
 Irradiate                Conj/Tmut      #.........   100%        5    #######
 Iskenderun's Battlesphe  Conj/Chrm      #.......     100%        5    #######
 Lee's Rapid Deconstruct  Erth           #.........   100%        5    #######
 Lightning Bolt           Conj/Air       #.........   100%        5    #######
 Metabolic Englaciation   Hex/Ice        #.........   100%        5    #######
 Piercing Shot            Chrm           #.........   100%        5    #######
 Silence                  Hex/Air        #.........   100%        5    #######
 Summon Demon             Summ           #.........   100%        5    #######
 Summon Forest            Summ/Tloc      #.........   100%        5    #######
 Summon Lightning Spire   Summ/Air       #.......     100%        5    #######
 Summon Mana Viper        Hex/Summ       #.......     100%        5    #######
 Venom Bolt               Conj/Pois      #.........   100%        5    #######
 Bolt of Cold             Conj/Ice       #.........   100%        6    #######
 Bolt of Fire             Conj/Fire      #.........   100%        6    #######
 Borgnjor's Vile Clutch   Necr/Erth      #.........   100%        6    #######
 Conjure Ball Lightning   Conj/Air       #.........   100%        6    #######
 Darkness                 Hex            #.........   100%        6    #######
 Death Channel            Chrm/Necr      #.........   100%        6    #######
 Deflect Missiles         Chrm/Air       #.........   100%        6    #######
 Dispersal                Tloc           #.........   100%        6    #######
 Freezing Cloud           Ice/Air        #.........   100%        6    #######
 Infestation              Hex/Tmut/Pois  #........    100%        6    #######
 Iron Shot                Conj/Erth      #.........   100%        6    #######
 Ozocubu's Refrigeration  Ice            #.........   100%        6    #######
 Poison Arrow             Conj/Pois      #.........   100%        6    #######
 Shadow Creatures         Summ           N/A          100%        6    #######
 Simulacrum               Ice/Necr       #.........   100%        6    #######
 Statue Form              Tmut/Erth      #........    100%        6    #######
 Steam Barrier            Chrm/Fire      #.........   100%        6    #######
 Summon Hydra             Summ           #.........   100%        6    #######
 Controlled Blink         Tloc           #.......     100%        7    #######
 Dragon Form              Tmut           #......      100%        7    #######
 Haunt                    Necr/Summ      #.........   100%        7    #######
 Icicle Burst             Conj/Ice       #.........   100%        7    #######
 Malign Gateway           Summ/Tloc      #.........   100%        7    #######
 Monstrous Menagerie      Summ           #.........   100%        7    #######
 Orb of Destruction       Conj           #.........   100%        7    #######
 Spellforged Servitor     Conj/Summ      #.........   100%        7    #######
 Summon Greater Demon     Summ           #.........   100%        7    #######
 Borgnjor's Revivificati  Necr           #.........   100%        8    #######
 Chain Lightning          Conj/Air       #.........   100%        8    #######
 Discord                  Hex            #.........   100%        8    #######
 Glaciate                 Conj/Ice/Air   #.........   100%        8    #######
 Ignition                 Fire           #.........   100%        8    #######
 Lehudib's Crystal Spear  Conj/Erth      #.........   100%        8    #######
 Necromutation            Tmut/Necr      #.......     100%        8    #######
 Summon Horrible Things   Summ           #.........   100%        8    #######
 Dragon's Call            Summ           #.........   100%        9    #######
 Fire Storm               Conj/Fire      #.........   100%        9    #######
 Shatter                  Erth           #.........   100%        9    #######
 Tornado                  Air            #.........   100%        9    #######


Dungeon Overview and Level Annotations

Branches:
Dungeon (1/1)

Altars:
Ashenzari
Cheibriados
Dithmenos
Elyvilon
Fedhas
Gozag
Hepliaklqana
Kikubaaqudgha
Lugonu
Makhleb
Nemelex Xobeh
Okawaru
Qazlal
Ru
Sif Muna
Trog
Uskayaw
Vehumet
Wu Jian
Xom
Yredelemnul
Zin
The Shining One
Beogh
Jiyva


Innate Abilities, Weirdness & Mutations

You have a pair of large horns on your head.
Your skeleton is quite flexible. (Dex +6)
You resist negative energy. (rN+)
You are significantly more attuned to the shadows.
When hurt, damage is shared between your health and your magic reserves.
You regenerate magic rapidly.
When low on magic, you restore magic in place of health.


Message History

Qazlal accepts your kill.
You have reached level 20!
You feel stronger.
Your demonic ancestry asserts itself...
You feel your magic shroud grow more resilient.
No path to travel!
No path to travel!
No path to travel!
You start resting.
Magic restored.
You feel more experienced!
Your Unarmed Combat skill increases to level 15!
You have reached level 21!
Your experience leads to an increase in your attributes!
Your base attributes are Str 16, Int 15, Dex 23.
Increase (S)trength, (I)ntelligence, or (D)exterity?
You feel agile.
Your demonic ancestry asserts itself...
You feel your life force and your magical essence meld.
No path to travel!
No path to travel!
You have escaped!

...).)......▓.....).).....▓...8©8
............▓..▓.......▓..▓..))}|
............▓....)........▓..).|.
............▓.............▓..[.†.
............▓......©......▓......
............▓▓▓▓▓▓▓▓▓▓▓▓▓▓▓...†.†
............▓).○.§○[...)88▓.....†
▓.......▓.. ▓.†[.☼§......8▓..▓...
........... ▓...@.○..[©..8▓.▓....
........... ▓..)○))≈≈....8▓....©.
....©...... ▓...8.......88▓▓▓▓▓▓▓
▓▓▓▓▓▓▓▓▓▓▓▓▓▓▓▓▓▓▓▓▓▓▓▓▓▓▓▓▓▓▓▓▓
./...8©8........▓........8©8.....
).)[)")=[}....).▓.})}[.))==)|)[|.
}.)|)...)..|.[).▓.|..}}.)...=[|?)
}}=})|}.)|}[).}.▓.}||}|=}[.)[=}}=
.........||.....▓........[[}[...†


There were no monsters in sight!

Vanquished Creatures
  8 greater mummies (D)
  2 pandemonium lords (D)
  3 shard shrikes (shapeshifter) (D)
  7 electric golems (D)
  2 Shadow Fiends (D)
  4 Brimstone Fiends (D)
  2 Orb Guardians (D)
  An Ice Fiend (D)
  A lich (D)
  A deep elf master archer (D)
  A titan (shapeshifter) (D)
  20 titans (D)
  An Executioner (D)
  10 storm dragons (D)
  2 shadow dragons (D)
  3 fire giants (D)
  A blood saint (D)
  3 ghost moths (D)
  3 balrugs (D)
  A deep elf sorcerer (D)
  15 frost giants (D)
  A cacodemon (D)
  7 stone giants (D)
  2 emperor scorpions (D)
  2 ghouls (D)
  A reaper (D)
  2 vampire knights (D)
  A corrupter (D)
  2 dire elephants (D)
  A lorocyproca (D)
  An entropy weaver (shapeshifter) (D)
  A black sun (D)
  A deep elf annihilator (D)
  2 blizzard demons (D)
  13 ettins (D)
  7 mummy priests (D)
  A hell beast (D)
  4 rakshasas (D)
  A hydra (shapeshifter) (D)
  3 hydras (D)
  3 vault guards (D)
  2 catoblepae (D)
  A naga warrior (D)
  7 spriggan air magi (D)
  3 two-headed ogres (D)
  2 two-headed ogres (shapeshifter) (D)
  3 centaur warriors (D)
  2 anacondas (D)
  4 death yaks (D)
  4 vampire magi (D)
  3 dancing weapons (D)
  An orc high priest (D)
  A hell hog (D)
  A deep troll (shapeshifter) (D)
  3 soul eaters (D)
  A sun demon (D)
  A fire crab (D)
  2 deep elf knights (D)
  4 sixfirhies (D)
  An iron troll (shapeshifter) (D)
  3 skeletal warriors (D)
  An unseen horror (shapeshifter) (D)
  An infernal demonspawn (D)
  A hell knight (D)
  A shadow demon (D)
  A torturous demonspawn (D)
  4 deep elf archers (D)
  A swamp dragon (shapeshifter) (D)
  13 cyclopes (D)
  A glowing orange brain (D)
  2 orange crystal statues (D)
  A wizard (D)
  A cyclops (shapeshifter) (D)
  2 phantasmal warriors (D)
  A toenail golem (D)
  2 orb spiders (D)
  12 wolf spiders (D)
  A moth of wrath (shapeshifter) (D)
  3 necromancers (D)
  6 deep elf magi (D)
  A faun (shapeshifter) (D)
  A naga mage (D)
  3 moths of wrath (D)
  2 elephants (D)
  A guardian serpent (shapeshifter) (D)
  5 black mambas (D)
  A vault sentinel (D)
  6 will-o'-wisps (D)
  2 smoke demons (D)
  A guardian serpent (D)
  A rust devil (D)
  A torpor snail (D)
  6 demonic crawlers (D)
  6 cane toads (D)
  2 hellions (D)
  4 yaktaurs (D)
  9 komodo dragons (D)
  An ice devil (D)
  2 trolls (shapeshifter) (D)
  6 red devils (D)
  13 jumping spiders (D)
  2 trolls (D)
  A wind drake (shapeshifter) (D)
  16 guardian mummies (D)
  5 wind drakes (D)
  2 merfolk (shapeshifter) (D)
  2 polar bears (D)
  12 hornets (D)
  A slime creature (shapeshifter) (D)
  8 hippogriffs (D)
  4 blink frogs (D)
  A dream sheep (D)
  8 flying skulls (D)
  Sigmund (D)
  6 air elementals (D)
  A water elemental (D)
  10 tarantellas (D)
  3 large abominations (D)
  9 redbacks (D)
  A fire elemental (D)
  A wyvern (D)
  2 wraiths (D)
  4 shadows (D)
  2 vampires (D)
  A tarantella (shapeshifter) (D)
  5 yaks (D)
  4 ushabtiu (D)
  3 basilisks (D)
  2 golden eyes (D)
  A chaos spawn (D)
  A naga (D)
  8 crocodiles (D)
  6 water moccasins (D)
  A floating eye (shapeshifter) (D)
  Duvessa (D)
  A floating eye (D)
  3 orc warriors (D)
  3 porcupines (D)
  An ice beast (D)
  2 necrophages (D)
  2 centaurs (D)
  A wolf (D)
  Blork the orc (D)
  3 bullfrogs (D)
  2 earth elementals (D)
  Dowan (D)
  A scorpion (D)
  4 wights (D)
  2 orc priests (D)
  2 orc wizards (D)
  Crazy Yiuf (D)
  Jessica (D)
  19 mummies (D)
  A spectral worker ant (D)
  3 adders (D)
  A gnoll (shapeshifter) (D)
  2 river rats (D)
  A white imp (D)
  2 oozes (D)
  2 adder zombies (D)
  An adder simulacrum (D)
  2 orcs (D)
  2 ball pythons (D)
  12 bat skeletons (D)
  2 bat zombies (D)
  A hobgoblin (D)
  A kobold (D)
  4 ball python skeletons (D)
  A bat simulacrum (D)
  A giant cockroach simulacrum (D)
  A giant cockroach zombie (D)
  4 jackal skeletons (D)
  4 jackal zombies (D)
  A quokka skeleton (D)
  3 quokka zombies (D)
  A rat (D)
  A spectral quokka (D)
564 creatures vanquished.

Vanquished Creatures (others)
  2 electric golems (D)
  A titan (D)
  A stone giant (D)
  2 cyclopes (D)
  A fire bat (D)
  3 bat zombies (D)
10 creatures vanquished.

Grand Total: 574 creatures vanquished

Notes
Turn   | Place    | Note
-------+----------+-------------------------------------------
     0 | D        | Groucho the Demonspawn Wanderer began the quest for the
                  | Orb.
     0 | D        | Groucho set off with the following items: a +2 mace, a +0
                  | ring mail, a potion of curing, a ration {!d}, a potion of
                  | heal wounds, a potion of haste, 2 potions of magic, a
                  | potion of berserk rage, a scroll of blinking; and the
                  | following spell memorised: Beastly Appendage; and the
                  | following spells available to memorise: Sticks to Snakes,
                  | Passwall, Spider Form, Ice Form, Blade Hands
     0 | D        | Reached XP level 1. HP: 18/18 MP: 3/3
     0 | D        | Found a shimmering blue altar of Sif Muna.
     0 | D        | Found a bloodstained altar of Trog.
     0 | D        | Found a sacrificial altar of Ru.
     0 | D        | Found a stormy altar of Qazlal.
     0 | D        | Found an iron altar of Okawaru.
    13 | D        | Found a blossoming altar of Fedhas.
    14 | D        | Found the +6 Majin-Bo {vamp, *Drain Str+12 Int+24}
    14 | D        | Found the +9 heavy crossbow "Sniper" {velocity, Acc+∞ SInv}
    14 | D        | Found the +10 dark maul {crush}
    14 | D        | Found the +15 Maxwell's patent armour {-Cast -Tele rElec
                  | MR+ rCorr}
    14 | D        | Found the +18 shield of the Gong {rElec rN+ MR+ EV-5}
    14 | D        | Found the cursed +14 obsidian axe {chop, +Fly SInv *Curse}
    14 | D        | Found the +7 great mace "Firestarter" {inner flame, rF++}
    14 | D        | Found the +6 shillelagh "Devastator" {shatter}
    14 | D        | Found the +11 plutonium sword {*Contam Stlth-}
    14 | D        | Found the +8 lance "Wyrmbane" {slay drac, rPois rF+ rC+
                  | AC+3}
    14 | D        | Found the +9 sword of Zonguldrok {reap}
    14 | D        | Found the cursed +13 scythe of Curses {drain, *Curse}
    14 | D        | Found the +0 sword of Power
    14 | D        | Found the +7 mace of Variability {chain chaos}
    14 | D        | Found the +7 Singing Sword {slice}
    14 | D        | Found the +7 longbow "Piercer" {penet, EV-2}
    14 | D        | Found a viscous altar of Jiyva.
    14 | D        | Found a transporter.
    14 | D        | Found a hazy altar of Hepliaklqana.
    14 | D        | Found an ancient bone altar of Kikubaaqudgha.
    14 | D        | Found an opulent altar of Gozag.
    14 | D        | Found a corrupted altar of Lugonu.
    21 | D        | Found a burning altar of Makhleb.
    22 | D        | Found a sparkling altar of Nemelex Xobeh.
   102 | D        | Became a worshipper of Qazlal Stormbringer
   117 | D        | Entered arena 2.
   117 | D        | Found a transporter.
   124 | D        | Gained mutation: When hurt, damage is shared between your
                  | health and your magic reserves. [demonic ancestry]
   124 | D        | Reached XP level 2. HP: 22/24 MP: 5/5
   241 | D        | Got Sif Muna's Handbook of Igneous Dislocation
   249 | D        | Entered arena 3.
   249 | D        | Noticed a jumping spider
   249 | D        | Noticed a tarantella
   249 | D        | Noticed a scorpion
   249 | D        | Found a transporter.
   261 | D        | Killed a scorpion
   261 | D        | Reached * piety under Qazlal
   262 | D        | Reached XP level 3. HP: 16/31 MP: 2/6
   264 | D        | Killed a tarantella
   265 | D        | Reached skill level 5 in Armour
   265 | D        | Reached skill level 5 in Shields
   265 | D        | Reached XP level 4. HP: 16/41 MP: 2/9
   265 | D        | Gained mutation: You are slightly more attuned to the
                  | shadows. [demonic ancestry]
   265 | D        | Reached XP level 5. HP: 19/47 MP: 2/10
   269 | D        | Killed a jumping spider
   270 | D        | Reached XP level 6. HP: 24/56 MP: 3/12
   554 | D        | Entered arena 4.
   554 | D        | Noticed a deep elf knight
   554 | D        | Noticed a deep elf archer
   554 | D        | Noticed a deep elf knight
   554 | D        | Noticed a deep elf mage
   554 | D        | Found a transporter.
   561 | D        | Killed a deep elf knight
   561 | D        | Reached ** piety under Qazlal
   562 | D        | Gained mutation: Your skeleton is somewhat flexible. (Dex
                  | +3) [demonic ancestry]
   562 | D        | Reached XP level 7. HP: 50/62 MP: 9/14
   564 | D        | Killed a deep elf knight
   565 | D        | Reached XP level 8. HP: 55/71 MP: 9/16
   568 | D        | Killed a deep elf archer
   569 | D        | Reached skill level 10 in Fighting
   569 | D        | Killed a deep elf mage
   569 | D        | Reached *** piety under Qazlal
   654 | D        | Entered arena 5.
   654 | D        | Noticed a polar bear
   654 | D        | Found a transporter.
   659 | D        | Gained mutation: You have a pair of small horns on your
                  | head. [demonic ancestry]
   659 | D        | Reached XP level 9. HP: 75/79 MP: 16/18
   659 | D        | Killed a polar bear
   660 | D        | Reached **** piety under Qazlal
   692 | D        | Got the ring of Kuosiuc {*Contam rPois Str+7 Dex+3}
   700 | D        | Entered arena 6.
   700 | D        | Found a transporter.
   707 | D        | Reached skill level 10 in Armour
   707 | D        | Reached skill level 10 in Shields
   707 | D        | Reached ***** piety under Qazlal
   823 | D        | Entered arena 7.
   823 | D        | Noticed Crazy Yiuf
   823 | D        | Noticed Dowan
   823 | D        | Noticed Duvessa
   823 | D        | Noticed Blork the orc
   823 | D        | Noticed Sigmund
   824 | D        | Killed Duvessa
   824 | D        | Killed Jessica
   824 | D        | Killed Crazy Yiuf
   825 | D        | Killed Blork the orc
   826 | D        | Killed Dowan
   827 | D        | Killed Sigmund
  1055 | D        | Found a transporter.
  1103 | D        | Entered arena 8.
  1104 | D        | Noticed a komodo dragon
  1106 | D        | Killed a komodo dragon
  1108 | D        | Found a transporter.
  1122 | D        | Got the +5 dagger of Giavva {pierce, -Tele rPois rF++
                  | Stlth+}
  1134 | D        | Entered arena 9.
  1134 | D        | Noticed a yaktaur
  1134 | D        | Noticed a vault guard
  1134 | D        | Noticed a vault guard
  1135 | D        | Identified the +8 rapier "Muxok" {flame, rF+ rC+++ Int-5
                  | Dex+3}
  1135 | D        | Noticed a vault guard
  1135 | D        | Noticed a vault sentinel
  1135 | D        | Noticed a wizard
  1137 | D        | Killed a yaktaur
  1137 | D        | Killed a wizard
  1137 | D        | Killed a vault guard
  1137 | D        | Reached ****** piety under Qazlal
  1137 | D        | Killed a vault guard
  1137 | D        | Killed a vault sentinel
  1138 | D        | Reached skill level 15 in Invocations
  1138 | D        | Reached XP level 10. HP: 91/91 MP: 7/21
  1138 | D        | Found a transporter.
  1147 | D        | Killed a vault guard
  1187 | D        | Entered arena 10.
  1187 | D        | Noticed a two-headed ogre
  1187 | D        | Noticed a two-headed ogre
  1187 | D        | Noticed a cyclops
  1187 | D        | Noticed a two-headed ogre
  1189 | D        | Killed a cyclops
  1189 | D        | Killed a two-headed ogre
  1189 | D        | Noticed a cyclops
  1189 | D        | Noticed a cyclops
  1190 | D        | Gained mutation: You have a pair of horns on your head.
                  | [demonic ancestry]
  1190 | D        | Reached XP level 11. HP: 91/98 MP: 11/23
  1190 | D        | Killed a two-headed ogre
  1193 | D        | Killed a cyclops
  1195 | D        | Killed a two-headed ogre
  1197 | D        | Found a transporter.
  1200 | D        | Killed a cyclops
  1223 | D        | Entered arena 11.
  1259 | D        | Found a transporter.
  1288 | D        | Entered arena 12.
  1288 | D        | Noticed a centaur warrior
  1288 | D        | Noticed a centaur warrior
  1289 | D        | Noticed a cyclops
  1289 | D        | Noticed a cyclops
  1290 | D        | Noticed a centaur warrior
  1291 | D        | Killed a cyclops
  1291 | D        | Killed a cyclops
  1291 | D        | Killed a centaur warrior
  1291 | D        | Killed a centaur warrior
  1292 | D        | Killed a centaur warrior
  1293 | D        | Reached skill level 15 in Fighting
  1455 | D        | Found a transporter.
  1490 | D        | Got the +3 pair of gloves of Pelis {rN+ rCorr Str+5}
  1509 | D        | Entered arena 13.
  1509 | D        | Noticed a wolf spider
  1509 | D        | Noticed a wolf spider
  1512 | D        | Reached XP level 12. HP: 110/110 MP: 17/25
  1513 | D        | Killed a ghost moth
  1517 | D        | Found a transporter.
  1523 | D        | Got Wutrekk's Catalogue of the Excruciating Frostbite
  1550 | D        | Entered arena 14.
  1551 | D        | Noticed an anaconda
  1551 | D        | Noticed an anaconda
  1552 | D        | Noticed a naga warrior
  1552 | D        | Identified the +9 great sword of the Mind {venom, rF+ MR+
                  | SInv}
  1553 | D        | Identified the cursed ring of Geufouw {Dex+2 Stlth--}
  1553 | D        | Killed an anaconda
  1554 | D        | Reached skill level 15 in Armour
  1559 | D        | Killed an anaconda
  1567 | D        | Killed a naga warrior
  1729 | D        | Found a transporter.
  1735 | D        | Got the Compendium of Hurtful Talismans
  1915 | D        | Entered arena 15.
  1916 | D        | Noticed a shadow dragon
  1916 | D        | Noticed a shadow dragon
  1916 | D        | Noticed a ghoul
  1918 | D        | Killed a shadow dragon
  1919 | D        | Reached skill level 15 in Shields
  1925 | D        | Killed a shadow dragon
  1926 | D        | Killed a ghoul
  1931 | D        | Gained mutation: You have a pair of large horns on your
                  | head. [demonic ancestry]
  1931 | D        | Reached XP level 13. HP: 97/119 MP: 21/27
  1931 | D        | Found a transporter.
  1964 | D        | Entered arena 16.
  1966 | D        | Noticed a vampire knight
  1967 | D        | Killed a vampire knight
  1973 | D        | Found a transporter.
  2007 | D        | Entered arena 17.
  2015 | D        | Found the +0 mask of the Dragon {MR+ Slay+3 SInv}
  2015 | D        | Found a transporter.
  2070 | D        | Entered arena 18.
  2070 | D        | Identified the ring "Bystrinto" {+Inv rElec rF+++ Dex-4}
  2076 | D        | Noticed a vampire knight
  2076 | D        | Identified the +5 dagger of Victory {elec, -Tele +Rage
                  | Int+7}
  2077 | D        | Noticed a ghoul
  2084 | D        | Killed a ghoul
  2086 | D        | Killed a vampire knight
  2303 | D        | Found a transporter.
  2335 | D        | Got the ring "Safynyfe" {+Fly rPois}
  2341 | D        | Entered arena 19.
  2343 | D        | Noticed a deep elf annihilator
  2344 | D        | Noticed a deep elf sorcerer
  2345 | D        | Killed a deep elf sorcerer
  2346 | D        | Killed a deep elf annihilator
  2347 | D        | Reached XP level 14. HP: 131/131 MP: 21/29
  2347 | D        | Noticed a deep elf master archer
  2359 | D        | Killed a deep elf master archer
  2385 | D        | Found the +9 scales of the Dragon King {rPois rF+ rC+ MR+}
  2385 | D        | Found a transporter.
  2404 | D        | Got the Grimoire of Fetching Calling
  2446 | D        | Entered arena 20.
  2451 | D        | Identified the cursed +0 storm dragon scales of
                  | Amelioration {rElec rCorr MP-9 Str+8 Int-4}
  2451 | D        | Noticed a greater mummy
  2452 | D        | Noticed a greater mummy
  2452 | D        | Noticed a greater mummy
  2452 | D        | Noticed a greater mummy
  2453 | D        | Killed a greater mummy
  2453 | D        | Killed a greater mummy
  2454 | D        | Noticed an emperor scorpion
  2454 | D        | Killed a greater mummy
  2454 | D        | Noticed an emperor scorpion
  2458 | D        | Noticed an emperor scorpion
  2463 | D        | Noticed an emperor scorpion
  2463 | D        | Noticed an emperor scorpion
  2463 | D        | Noticed an emperor scorpion
  2463 | D        | Noticed an emperor scorpion
  2465 | D        | Killed a greater mummy
  2744 | D        | Found a transporter.
  2751 | D        | Found the cursed +6 arbalest "Damnation" {hellfire, *Curse}
  2754 | D        | Got the Volume of the Mutagenic Rocks
  2790 | D        | Entered arena 21.
  2794 | D        | Noticed a shard shrike
  2795 | D        | Noticed a shard shrike
  2795 | D        | Noticed a juggernaut
  2795 | D        | Noticed a juggernaut
  2796 | D        | Killed a shard shrike
  2796 | D        | Killed a shard shrike
  2796 | D        | Killed a shard shrike
  2796 | D        | Noticed an iron giant
  2796 | D        | a juggernaut changed into an iron giant
  2797 | D        | Gained mutation: Your skeleton is quite flexible. (Dex +6)
                  | [demonic ancestry]
  2797 | D        | Reached XP level 15. HP: 146/146 MP: 23/32
  2797 | D        | Noticed an acid blob
  2797 | D        | an iron giant changed into an acid blob
  2799 | D        | Noticed a golden dragon
  2799 | D        | an acid blob changed into a golden dragon
  2800 | D        | Noticed a titan
  2800 | D        | a juggernaut changed into a titan
  2803 | D        | a golden dragon changed into a stone giant
  2803 | D        | Noticed a juggernaut
  2803 | D        | a titan changed into a juggernaut
  2805 | D        | Noticed a frost giant
  2805 | D        | a stone giant changed into a frost giant
  2805 | D        | Noticed a shard shrike
  2805 | D        | a juggernaut changed into a shard shrike
  2807 | D        | Noticed a juggernaut
  2807 | D        | a shard shrike changed into a juggernaut
  2808 | D        | Noticed a golden dragon
  2808 | D        | a juggernaut changed into a golden dragon
  2810 | D        | Noticed an iron giant
  2810 | D        | a golden dragon changed into an iron giant
  2812 | D        | Noticed a caustic shrike
  2812 | D        | an iron giant changed into a caustic shrike
  2815 | D        | Noticed a shadow dragon
  2815 | D        | a caustic shrike changed into a shadow dragon
  2816 | D        | Noticed a quicksilver dragon
  2816 | D        | a shadow dragon changed into a quicksilver dragon
  2822 | D        | Noticed a golden dragon
  2822 | D        | a quicksilver dragon changed into a golden dragon
  2824 | D        | Noticed a shadow dragon
  2824 | D        | a frost giant changed into a shadow dragon
  2825 | D        | Noticed a caustic shrike
  2825 | D        | a shadow dragon changed into a caustic shrike
  2827 | D        | Noticed an iron dragon
  2827 | D        | a caustic shrike changed into an iron dragon
  2828 | D        | an iron dragon changed into an iron troll
  2830 | D        | Noticed a titan
  2830 | D        | a golden dragon changed into a titan
  2833 | D        | Found a transporter.
  2834 | D        | Killed a titan
  2977 | D        | Got the Compendium of Creative Evil Rituals
  2987 | D        | Entered arena 22.
  2993 | D        | Reached skill level 27 in Invocations
  3004 | D        | Killed a ghost moth
  3005 | D        | Reached skill level 5 in Dodging
  3177 | D        | Found a transporter.
  3181 | D        | Got Aluigykk's Grimoire of Enhancements and Unholy Arts
  3226 | D        | Entered arena 23.
  3233 | D        | Killed a ghost moth
  3236 | D        | Reached XP level 16. HP: 156/156 MP: 31/33
  3247 | D        | Found a transporter.
  3254 | D        | Got Paneas's Catalogue of Moulding
  3271 | D        | Got the Almanac of the Scorching Frostbite
  3298 | D        | Entered arena 24.
  3304 | D        | Noticed a Brimstone Fiend
  3306 | D        | Killed a Brimstone Fiend
  3306 | D        | Killed a Brimstone Fiend
  3326 | D        | Reached skill level 10 in Dodging
  3338 | D        | Found a transporter.
  3355 | D        | Got the Reference Book on Bewitchment
  3367 | D        | Got the +8 demon whip of a sewer {pain, +Blink Int+2}
  3371 | D        | Got the Catalogue of Necromancy
  3443 | D        | Entered arena 25.
  3449 | D        | Noticed a greater mummy
  3450 | D        | Identified the +2 robe of the Heavens {rPois Str-2 Int+4
                  | Dex+2 Stlth+}
  3450 | D        | Noticed a greater mummy
  3450 | D        | Noticed a greater mummy
  3452 | D        | Noticed an Executioner
  3452 | D        | Killed a greater mummy
  3452 | D        | Noticed a greater mummy
  3456 | D        | Identified the cursed +2 halberd of Plague {venom, *Drain
                  | rC+++ Str+4}
  3458 | D        | Noticed a Shadow Fiend
  3468 | D        | Killed a greater mummy
  3482 | D        | Noticed a Hell Sentinel
  3482 | D        | Killed a greater mummy
  3482 | D        | Killed a greater mummy
  3711 | D        | Found a transporter.
  3717 | D        | Got the Tome of Cankerous Cold
  3794 | D        | Entered arena 26.
  3802 | D        | Noticed an electric golem
  3802 | D        | Noticed a storm dragon
  3802 | D        | Noticed a storm dragon
  3802 | D        | Noticed a titan
  3802 | D        | Noticed an electric golem
  3803 | D        | Noticed an electric golem
  3803 | D        | Noticed an electric golem
  3803 | D        | Noticed an electric golem
  3803 | D        | Noticed a storm dragon
  3803 | D        | Noticed an electric golem
  3803 | D        | Noticed a titan
  3803 | D        | Noticed a titan
  3803 | D        | Noticed a storm dragon
  3804 | D        | Noticed a storm dragon
  3804 | D        | Killed a titan
  3804 | D        | Killed a titan
  3804 | D        | Killed an electric golem
  3804 | D        | Killed a storm dragon
  3804 | D        | Killed a storm dragon
  3804 | D        | Killed an electric golem
  3804 | D        | Killed a storm dragon
  3804 | D        | Killed a storm dragon
  3804 | D        | Killed an electric golem
  3804 | D        | Killed an electric golem
  3804 | D        | Killed a titan
  3804 | D        | Killed an electric golem
  3804 | D        | Noticed an electric golem
  3804 | D        | Noticed a storm dragon
  3804 | D        | Noticed a storm dragon
  3804 | D        | Noticed a titan
  3805 | D        | Reached skill level 15 in Maces & Flails
  3805 | D        | Reached XP level 17. HP: 146/171 MP: 21/34
  3806 | D        | Noticed an electric golem
  3807 | D        | Killed an electric golem
  3807 | D        | Noticed a titan
  3807 | D        | Identified the +8 short sword "Spiderbane" {elec, rPois
                  | Str+3}
  3808 | D        | Reached skill level 15 in Dodging
  3808 | D        | Killed a titan
  3810 | D        | Noticed a titan
  3817 | D        | Killed a titan
  3818 | D        | Noticed an electric golem
  3821 | D        | Killed an electric golem
  3821 | D        | Noticed a titan
  3829 | D        | Killed a titan
  3830 | D        | Killed a titan
  3831 | D        | Killed a titan
  3831 | D        | Killed an electric golem
  3831 | D        | Killed an electric golem
  3838 | D        | Noticed a titan
  3840 | D        | Killed a titan
  3939 | D        | Found the +4 serpentine sling {petrify}
  3940 | D        | Found the +16 sapphire dagger {flash freeze, rF- rC++ MR+}
  3941 | D        | Found a transporter.
  3998 | D        | Got the Collected Works on Moulding
  4002 | D        | Got the Collected Works on Enchanting Enhancements
  4085 | D        | Entered arena 27.
  4107 | D        | Gained mutation: You are significantly more attuned to the
                  | shadows. [demonic ancestry]
  4107 | D        | Reached XP level 18. HP: 181/181 MP: 30/35
  4123 | D        | Reached skill level 27 in Fighting
  4144 | D        | Found the +8 trident of the Octopus King {venom, rElec
                  | rPois MR+}
  4144 | D        | Found a transporter.
  4193 | D        | Got the Grimoire of Assistive Necromancy
  4199 | D        | Got the Catalogue of the Dark Birds
  4230 | D        | Got A Beginning Course on Thaumaturgy
  4319 | D        | Entered arena 28.
  4340 | D        | Identified the amulet "Numyo" {Acrobat rPois rC- Int+4
                  | Dex+4}
  4352 | D        | Reached skill level 27 in Armour
  4352 | D        | Reached skill level 27 in Shields
  4360 | D        | Identified the +8 glaive of Malaise {freeze, rPois rF+
                  | Int+5 Dex+4}
  4375 | D        | Identified the +8 war axe "Xanoureu" {flame, Dex+6}
  4389 | D        | Gained mutation: You resist negative energy. (rN+) [demonic
                  | ancestry]
  4389 | D        | Reached XP level 19. HP: 95/189 MP: 2/36
  4466 | D        | Got the Disquisition on Flamy Transformation
  4471 | D        | Found a transporter.
  4546 | D        | Got the Orb of Zot
  4737 | D        | Noticed a Shadow Fiend
  4739 | D        | Killed a Shadow Fiend
  5353 | D        | Noticed a Brimstone Fiend
  5361 | D        | Killed a Brimstone Fiend
  5674 | D        | Noticed Jiphya the pandemonium lord
  5680 | D        | Killed Jiphya the pandemonium lord
  6074 | D        | Noticed a Brimstone Fiend
  6081 | D        | Killed a Brimstone Fiend
  6682 | D        | Reached skill level 27 in Maces & Flails
  6682 | D        | Reached skill level 27 in Dodging
  7067 | D        | Reached skill level 10 in Unarmed Combat
  7074 | D        | Noticed Arintaor the pandemonium lord
  7076 | D        | Killed Arintaor the pandemonium lord
  7104 | D        | Noticed a Shadow Fiend
  7106 | D        | Killed a Shadow Fiend
  7107 | D        | Gained mutation: You regenerate magic rapidly. [demonic
                  | ancestry]
  7107 | D        | Reached XP level 20. HP: 197/197 MP: 21/37
  7122 | D        | Reached skill level 15 in Unarmed Combat
  7122 | D        | Gained mutation: When low on magic, you restore magic in
                  | place of health. [demonic ancestry]
  7122 | D        | Reached XP level 21. HP: 204/204 MP: 36/38
  7124 | D        | Escaped with the Orb!

Skill      XL: |  1  2  3  4  5  6  7  8  9 10 11 12 13 14 15 16 17 18 19 20 |
---------------+-------------------------------------------------------------+-----
Armour         | 2 3 5 6 8 9 11 12 14 17 18 21 22 24 25 27 | 27.0
Shields        | 2 3 5 6 8 9 11 12 14 15 17 20 21 24 25 27 | 27.0
Invocations    | 2 4 7 9 11 12 15 16 18 20 23 26 27 | 27.0
Fighting       | 4 6 7 8 9 10 12 13 15 16 18 21 22 25 26 27 | 27.0
Dodging        | 7 14 17 22 27 | 27.0
Maces & Flails | 15 17 22 27 | 27.0
Unarmed Combat | 14 15 | 15.3
Spellcasting   | |  2.0
Transmutations | |  1.0
Evocations     | |  1.0

Action                   |  1- 3 |  4- 6 |  7- 9 | 10-12 | 13-15 | 16-18 | 19-21 || total
-------------------------+-------+-------+-------+-------+-------+-------+-------++-------
Melee: Shillelagh        |    17 |     7 |    14 |    30 |    69 |    43 |   109 ||   289
       Headbutt          |       |       |     1 |     8 |    30 |    15 |    48 ||   102
Invok: Upheaval          |       |       |     8 |     6 |    11 |    28 |    32 ||    85
       Disaster Area     |       |       |     1 |     5 |    10 |    12 |     1 ||    29
  Use: Potion            |       |       |       |     1 |     5 |    18 |     1 ||    25
       Scroll            |       |       |       |       |     1 |     6 |       ||     7
  Eat: Chunk             |       |       |     2 |       |     1 |       |       ||     3
       Ration            |       |       |     1 |       |     2 |     2 |     2 ||     7
Armor: Plate armour      |    22 |     5 |     7 |    35 |    12 |       |       ||    81
       Gold dragon scale |       |       |       |       |    46 |    50 |     7 ||   103
Dodge: Dodged            |       |       |       |       |       |    32 |    11 ||    43
       Deflected         |       |       |       |       |       |     5 |     1 ||     6
Block: Medium shield     |    48 |     9 |    16 |    85 |   166 |   127 |    73 ||   524
       Reflection        |       |       |       |       |     4 |     5 |     6 ||    15
